3A
IDAHO FALLS CHUKARS @ LOUISIANA DRAGOONS
07/11/2027
 
TOP OF THE 1ST
Idaho Falls Chukars batting - Pitching for Louisiana Dragoons : RHP Jason Pearson
Pitching: RHP Jason Pearson
Batting: SHB José López 0-0: Swinging Strike
0-1: Swinging Strike
0-2: Strikes out swinging
Batting: RHB Alexandre Keeping 0-0: Called Strike
0-1: Swinging Strike
0-2: Ball
1-2: Fly out, F7 (Line Drive, 78S)
Batting: SHB Félix Medina 0-0: Ball
1-0: Called Strike
1-1: Swinging Strike
1-2: Foul Ball, location: 2F
1-2: Foul Ball, location: 2F
1-2: Ball
2-2: Foul Ball, location: 2F
2-2: Strikes out swinging
Top of the 1st over - 0 run(s), 0 hit(s), 0 error(s), 0 left on base; Idaho Falls 0 - Louisiana 0
BOTTOM OF THE 1ST
Louisiana Dragoons batting - Pitching for Idaho Falls Chukars : RHP Poto Scacceri
Pitching: RHP Poto Scacceri
Batting: SHB Ángel Costa 0-0: Swinging Strike
0-1: Fly out, F8 (Line Drive, 8LM)
Batting: RHB José Luque 0-0: Foul Ball, location: 2F
0-1: Ball
1-1: Called Strike
1-2: Fly out, F9 (Flyball, 9)
Batting: RHB Holden Markoff 0-0: Foul Ball, location: 2F
0-1: Ground out U3 (Groundball, 2R)
Bottom of the 1st over - 0 run(s), 0 hit(s), 0 error(s), 0 left on base; Idaho Falls 0 - Louisiana 0
TOP OF THE 2ND
Idaho Falls Chukars batting - Pitching for Louisiana Dragoons : RHP Jason Pearson
Batting: RHB Scott Ramsey 0-0: Called Strike
0-1: Foul Ball, location: 2F
0-2: Fly out, F8 (Flyball, 78S)
Batting: SHB Jorge Colón 0-0: Called Strike
0-1: Swinging Strike
0-2: Foul Ball, location: 2F
0-2: Foul Ball, location: 2F
0-2: Fly out, F8 (Flyball, 78S)
Batting: RHB León Preciado 0-0: Ball
1-0: Fly out, F7 (Flyball, 7)
Top of the 2nd over - 0 run(s), 0 hit(s), 0 error(s), 0 left on base; Idaho Falls 0 - Louisiana 0
BOTTOM OF THE 2ND
Louisiana Dragoons batting - Pitching for Idaho Falls Chukars : RHP Poto Scacceri
Batting: SHB Ed Blackett 0-0: Ball
1-0: Called Strike
1-1: Swinging Strike
1-2: Ball
2-2: Foul Ball, location: 2F
2-2: Strikes out swinging
Batting: RHB Nelson Muntz 0-0: Ball
1-0: Swinging Strike
1-1: Ball
2-1: Foul Ball, location: 2F
2-2: Foul Ball, location: 2F
2-2: Foul Ball, location: 2F
2-2: Ball
3-2: Strikes out swinging
Batting: RHB Rodrigo Rodríguez 0-0: Ball
1-0: Foul Ball, location: 2F
1-1: Called Strike
1-2: Ball
2-2: Ball
3-2: Foul Ball, location: 2F
3-2: Foul Ball, location: 2F
3-2: DOUBLE (Groundball, 5L)
Batting: RHB Héctor Rúbio 0-0: Called Strike
0-1: Ball
1-1: Foul Ball, location: 2F
1-2: Ball
2-2: Ball
3-2: SINGLE (Line Drive, 6MD)
Rodrigo Rodríguez to third
Rodrigo Rodríguez scores
Batting: RHB Carlos Ceslero 0-0: Single, Error in OF, E9, batter to second base
Héctor Rúbio to third
Batting: RHB José Mendoza 0-0: Ground out 6-3 (Groundball, 6)
Bottom of the 2nd over - 1 run(s), 3 hit(s), 1 error(s), 2 left on base; Idaho Falls 0 - Louisiana 1
TOP OF THE 3RD
Idaho Falls Chukars batting - Pitching for Louisiana Dragoons : RHP Jason Pearson
Batting: SHB Shiki Sanu 0-0: Foul Ball, location: 2F
0-1: Ball
1-1: Ball
2-1: Ball
3-1: Foul Ball, location: 2F
3-2: Ground out 3-1 (Groundball, 34)
Batting: LHB Jérôme Masson 0-0: Ball
1-0: Called Strike
1-1: Ground out 4-3 (Groundball, 4S)
Batting: SHB Jesús Román 0-0: Foul Ball, location: 2F
0-1: Foul Ball, location: 2F
0-2: Fly out, F8 (Line Drive, 8RD)
Top of the 3rd over - 0 run(s), 0 hit(s), 0 error(s), 0 left on base; Idaho Falls 0 - Louisiana 1
BOTTOM OF THE 3RD
Louisiana Dragoons batting - Pitching for Idaho Falls Chukars : RHP Poto Scacceri
Batting: SHB Ángel Costa 0-0: Ball
1-0: Called Strike
1-1: Ground out 4-3 (Groundball, 4)
Batting: RHB José Luque 0-0: Ball
1-0: Fly out, F8 (Flyball, 8RM)
Batting: RHB Holden Markoff 0-0: Ball
1-0: Ball
2-0: Called Strike
2-1: Swinging Strike
2-2: Ground out 4-3 (Groundball, 4)
Bottom of the 3rd over - 0 run(s), 0 hit(s), 0 error(s), 0 left on base; Idaho Falls 0 - Louisiana 1
TOP OF THE 4TH
Idaho Falls Chukars batting - Pitching for Louisiana Dragoons : RHP Jason Pearson
Batting: SHB José López 0-0: Called Strike
0-1: Ball
1-1: Ball
2-1: Foul Ball, location: 2F
2-2: Ball
3-2: DOUBLE (Line Drive, 9)
Batting: RHB Alexandre Keeping 0-0: Ball
1-0: Fly out, F8 (Flyball, 89XD)
Runner from 2nd tags up, SAFE at 3rd, no throw
Batting: SHB Félix Medina 0-0: Called Strike
0-1: Ball
1-1: Foul Ball, location: 2F
1-2: Ball
2-2: Ball
3-2: Strikes out looking and he ARGUES THE CALL AND IS TOSSED!
Batting: RHB Scott Ramsey 0-0: Called Strike
0-1: Swinging Strike
0-2: Ball
1-2: Ball
2-2: Ball
3-2: Base on Balls
Batting: SHB Jorge Colón 0-0: Foul Ball, location: 2F
0-1: Ball
1-1: Ground out U3 (Groundball, 3S)
Top of the 4th over - 0 run(s), 1 hit(s), 0 error(s), 2 left on base; Idaho Falls 0 - Louisiana 1
BOTTOM OF THE 4TH
Louisiana Dragoons batting - Pitching for Idaho Falls Chukars : RHP Poto Scacceri
Now in RF: Víctor Puente
Batting: SHB Ed Blackett 0-0: Ball
1-0: DOUBLE (Line Drive, 89D)
Batting: RHB Nelson Muntz 0-0: Ball
1-0: Ball
2-0: Called Strike
2-1: Foul Ball, location: 2F
2-2: Foul Ball, location: 2F
2-2: Strikes out looking
Batting: RHB Rodrigo Rodríguez 0-0: Ball
1-0: Ball
Ed Blackett steals 3rd base
2-0: Ball
3-0: Base on Balls
Batting: RHB Héctor Rúbio 0-0: Swinging Strike
0-1: Ball
1-1: Foul Ball, location: 2F
1-2: Strikes out swinging
Batting: RHB Carlos Ceslero 0-0: Ball
1-0: Ball
2-0: Foul Ball, location: 2F
2-1: Foul Ball, location: 2F
2-2: Strikes out swinging
Bottom of the 4th over - 0 run(s), 1 hit(s), 0 error(s), 2 left on base; Idaho Falls 0 - Louisiana 1
TOP OF THE 5TH
Idaho Falls Chukars batting - Pitching for Louisiana Dragoons : RHP Jason Pearson
Batting: RHB León Preciado 0-0: Foul Ball, location: 2F
0-1: Foul Ball, location: 2F
0-2: Ball
1-2: Foul Ball, location: 2F
1-2: Ball
2-2: Ground out 5-3 (Groundball, 56S)
Batting: SHB Shiki Sanu 0-0: Ball
1-0: SINGLE (Groundball, 4M) (infield hit)
Batting: LHB Jérôme Masson 0-0: SINGLE (Groundball, 4MD)
Shiki Sanu to second
Batting: SHB Jesús Román 0-0: Ball
1-0: Swinging Strike
1-1: Fly out, F8 (Flyball, 8RS)
Batting: SHB José López 0-0: Ball
1-0: Ball
2-0: Ball
3-0: Base on Balls
Shiki Sanu to third
Jérôme Masson to second
Batting: RHB Alexandre Keeping 0-0: Ball
1-0: Swinging Strike
1-1: Called Strike
1-2: Ball
2-2: Fly out, F8 (Flyball, 8RXD)
Top of the 5th over - 0 run(s), 2 hit(s), 0 error(s), 3 left on base; Idaho Falls 0 - Louisiana 1
BOTTOM OF THE 5TH
Louisiana Dragoons batting - Pitching for Idaho Falls Chukars : RHP Poto Scacceri
Batting: RHB José Mendoza 0-0: Called Strike
0-1: Foul Ball, location: 2F
0-2: Strikes out looking
Batting: SHB Ángel Costa 0-0: Called Strike
0-1: Ball
1-1: Foul Ball, location: 2F
1-2: Ball
2-2: Ball
3-2: Strikes out swinging
Batting: RHB José Luque 0-0: Swinging Strike
0-1: Foul Ball, location: 2F
0-2: Ball
1-2: Foul Ball, location: 2F
1-2: Ball
2-2: Strikes out swinging
Bottom of the 5th over - 0 run(s), 0 hit(s), 0 error(s), 0 left on base; Idaho Falls 0 - Louisiana 1
TOP OF THE 6TH
Idaho Falls Chukars batting - Pitching for Louisiana Dragoons : RHP Jason Pearson
Batting: LHB Víctor Puente 0-0: Foul Ball, location: 2F
0-1: Ball
1-1: Foul Ball, location: 2F
1-2: Strikes out swinging
Batting: RHB Scott Ramsey 0-0: Called Strike
0-1: Foul Ball, location: 2F
0-2: Ball
1-2: Ground out 5-3 (Groundball, 5)
Batting: SHB Jorge Colón 0-0: Foul Ball, location: 2F
0-1: Ball
1-1: SINGLE (Groundball, 4D)
Batting: RHB León Preciado Pickoff Throw to First - Out!
Top of the 6th over - 0 run(s), 1 hit(s), 0 error(s), 0 left on base; Idaho Falls 0 - Louisiana 1
BOTTOM OF THE 6TH
Louisiana Dragoons batting - Pitching for Idaho Falls Chukars : RHP Poto Scacceri
Batting: RHB Holden Markoff 0-0: Called Strike
0-1: Ball
1-1: Called Strike
1-2: Foul Ball, location: 2F
1-2: Ball
2-2: Ball
3-2: Strikes out swinging
Pitching: LHP Vicente Romero
Batting: SHB Ed Blackett 0-0: Fly out, F7 (Flyball, 7LM)
Batting: RHB Nelson Muntz 0-0: Swinging Strike
0-1: Ball
1-1: Ball
2-1: Ball
3-1: Ground out 5-3 (Groundball, 56S)
Bottom of the 6th over - 0 run(s), 0 hit(s), 0 error(s), 0 left on base; Idaho Falls 0 - Louisiana 1
TOP OF THE 7TH
Idaho Falls Chukars batting - Pitching for Louisiana Dragoons : RHP Jason Pearson
Batting: RHB León Preciado 0-0: Fly out, F9 (Line Drive, 9D)
Batting: SHB Shiki Sanu 0-0: Ball
1-0: Ball
2-0: Ball
3-0: Called Strike
3-1: SINGLE (Groundball, 34D)
Batting: LHB Jérôme Masson 0-0: Ball
1-0: Ball
2-0: Called Strike
2-1: Foul Ball, location: 2F
2-2: Strikes out looking
Pitching: RHP Alfredo Velásquez
Pinch Hitting: RHB Leon Carlisle 0-0: Swinging Strike
0-1: Called Strike
0-2: Ball
Wild Pitch!
Shiki Sanu to second
Error on foul ball, E5
1-2: Ball
2-2: Fly out, F4 (Popup, 3D)
Top of the 7th over - 0 run(s), 1 hit(s), 1 error(s), 1 left on base; Idaho Falls 0 - Louisiana 1
BOTTOM OF THE 7TH
Louisiana Dragoons batting - Pitching for Idaho Falls Chukars : LHP Vicente Romero
Now at SS: Leon Carlisle
Batting: RHB Rodrigo Rodríguez 0-0: Ball
1-0: Swinging Strike
1-1: Fly out, F4 (Popup, 34D)
Batting: RHB Héctor Rúbio 0-0: SINGLE (Groundball, 6D)
Pinch Hitting: RHB Walt Norrish 0-0: Ball
1-0: Foul Ball, location: 2F
1-1: Called Strike
1-2: Ball
2-2: Ball
3-2: Grounds into double play, 6-4-3 (Groundball, 6)
Bottom of the 7th over - 0 run(s), 1 hit(s), 0 error(s), 0 left on base; Idaho Falls 0 - Louisiana 1
TOP OF THE 8TH
Idaho Falls Chukars batting - Pitching for Louisiana Dragoons : RHP Alfredo Velásquez
Pitching: RHP Cornelius Bigelow
Now at 1B: Joel Parish
Batting: SHB José López 0-0: Ball
1-0: Ball
2-0: Called Strike
2-1: Called Strike
2-2: Foul Ball, location: 2F
2-2: Foul Ball, location: 2F
2-2: Strikes out swinging
Batting: RHB Alexandre Keeping 0-0: Called Strike
0-1: Ball
1-1: Called Strike
1-2: Ball
2-2: Strikes out looking
Pitching: LHP Bettino Banditelli
Batting: LHB Víctor Puente 0-0: Ball
1-0: Called Strike
1-1: Foul Ball, location: 2F
1-2: Ball
2-2: Strikes out swinging
Top of the 8th over - 0 run(s), 0 hit(s), 0 error(s), 0 left on base; Idaho Falls 0 - Louisiana 1
BOTTOM OF THE 8TH
Louisiana Dragoons batting - Pitching for Idaho Falls Chukars : LHP Vicente Romero
Batting: RHB José Mendoza 0-0: Called Strike
0-1: Foul Ball, location: 2F
0-2: Ball
1-2: Foul Ball, location: 2F
1-2: Ball
2-2: Foul Ball, location: 2F
2-2: Fly out, F2 (Popup, 3S)
Batting: SHB Ángel Costa 0-0: Ground out 2-3 (Groundball, 2L)
Batting: RHB José Luque 0-0: Ground out 5-3 (Groundball, 56)
Bottom of the 8th over - 0 run(s), 0 hit(s), 0 error(s), 0 left on base; Idaho Falls 0 - Louisiana 1
TOP OF THE 9TH
Idaho Falls Chukars batting - Pitching for Louisiana Dragoons : LHP Bettino Banditelli
Pitching: RHP Brian Krick
Batting: RHB Scott Ramsey 0-0: Called Strike
0-1: Foul Ball, location: 2F
0-2: Strikes out swinging
Batting: SHB Jorge Colón 0-0: Called Strike
0-1: Fly out, F7 (Flyball, 7S)
Batting: RHB León Preciado 0-0: Ball
1-0: Foul Ball, location: 2F
1-1: Fly out, F9 (Flyball, 9LS)
Top of the 9th over - 0 run(s), 0 hit(s), 0 error(s), 0 left on base; Idaho Falls 0 - Louisiana 1
Saturday, May 26th, 2018 - OOTP Baseball 17.12 Build 75